 Dungeon Crawl Stone Soup version 0.28.0-49-g6dfe1f597d (webtiles) character file.

Game seed: 4488086193436925449

4015 Atelerd the Geomancer (level 10, -1/60 HPs)
             Began as an Octopode Earth Elementalist on May 14, 2022.
             Was a Believer of Sif Muna.
             Killed from afar by an electric eel (13 damage)
             ... with a bolt of electricity
             ... in a bailey.
             The game lasted 00:16:01 (8509 turns).

Atelerd the Geomancer (Octopode Earth Elementalist) Turns: 8509, Time: 00:16:01

Health: -1/60      AC:  1    Str:  8    XL:     10   Next: 23%
Magic:  30/30      EV: 20    Int: 21    God:    Sif Muna [**....]
Gold:   722        SH:  0    Dex: 19    Spells: 15/24 levels left

rFire   . . .      SeeInvis +   o - +0 dagger (venom)
rCold   . . .      Faith    .   (no shield)
rNeg    . . .      Spirit   .   (helmet restricted)
rPois   .          Reflect  .   (no amulet)
rElec   .          Harm     .   e - +4 ring of evasion
rCorr   +          Rampage  .   c - +6 ring of dexterity
Will    .....                   N - ring of see invisible
Stlth   +++++.....              j - ring of resist corrosion
HPRegen 0.20/turn               a - ring of magical power
MPRegen 0.22/turn               (no ring)
                                (no ring)
                                (no ring)

@: brilliant, attractive
A: almost no armour, amphibious, 8 rings, camouflage 1, gelatinous body 1,
nimble swimmer 1, tentacles
a: Renounce Religion, Channel Magic


You were in a bailey.
You worshipped Sif Muna.
Sif Muna was pleased with you.
You visited 1 branch of the dungeon, and saw 9 of its levels.
You also visited: Ossuary and Bailey.

You collected 722 gold pieces.

Inventory:

Hand Weapons
 i - a +0 short sword
 o - a +0 dagger of venom (weapon)
 H - a +4 long sword of freezing
 J - a +3 dagger
Missiles
 b - 162 stones
 I - 3 boomerangs of dispersal
 O - a throwing net
Jewellery
 a - a ring of magical power (on tentacle)
 c - a +6 ring of dexterity (right tentacle)
 e - a +4 ring of evasion (left tentacle)
 g - a ring of flight
 j - a ring of resist corrosion (on tentacle)
 D - a ring of fire
 E - an amulet of faith
 N - a ring of see invisible (on tentacle)
Wands
 z - a wand of flame (28)
 G - a wand of mindburst (5)
 P - a wand of charming (2)
 Q - a wand of paralysis (12)
Scrolls
 f - 4 scrolls of enchant weapon {unknown}
 h - 2 scrolls of acquirement {unknown}
 l - 2 scrolls of fear
 m - 2 scrolls of fog {unknown}
 n - 3 scrolls of noise
 p - a scroll of silence {unknown}
 q - a scroll of magic mapping {unknown}
 t - 2 scrolls of summoning {unknown}
 x - a scroll of enchant armour {unknown}
 y - 2 scrolls of teleportation {unknown}
 F - 2 scrolls of amnesia
 K - 3 scrolls of blinking {unknown}
 M - a scroll of holy word {unknown}
Potions
 d - a potion of attraction
 k - 3 potions of curing
 r - 3 potions of haste
 s - 3 potions of flight
 u - 2 potions of cancellation
 v - 2 potions of ambrosia {unknown}
 w - a potion of lignification {unknown}
 B - a potion of mutation {unknown}
 C - a potion of brilliance
 L - a potion of magic {unknown}
 R - a potion of degeneration {unknown}


   Skills:
 - Level 2.0 Fighting
 - Level 1.6 Short Blades
 - Level 5.0 Dodging
 - Level 6.0 Stealth
 - Level 1.0 Unarmed Combat
 + Level 7.6 Spellcasting
 - Level 2.0 Summonings
 - Level 5.0 Transmutations
 + Level 8.0 Earth Magic
 - Level 4.0 Invocations


You had 15 spell levels left.
You knew the following spells:

 Your Spells              Type           Power      Damage    Failure   Level
a - Sandblast             Erth           100%       2d20      1%          1
p - Petrify               Tmut/Erth      52%        N/A       6%          4
t - Summon Ice Beast      Ice/Summ       18%        N/A       50%         4

Your spell library contained the following spells:

 Spells                   Type           Power      Damage    Failure   Level
 Passwall                 Tmut/Erth      43%        N/A       1%          2
 Stone Arrow              Conj/Erth      74%        3d11      4%          3
 Freeze                   Ice            48%        1d7       9%          1
 Corpse Rot               Necr/Air       24%        N/A       13%         2
 Poisonous Vapours        Pois/Air       24%        N/A       13%         2
 Frozen Ramparts          Ice            24%        1d4       26%         3
 Ice Form                 Ice/Tmut       27%        N/A       30%         4
 Dispel Undead            Necr           12%        3d9       63%         4
 Hailstorm                Conj/Ice       12%        3d5       63%         4
 Death Channel            Necr           6%         N/A       100%        6


Dungeon Overview and Level Annotations

Branches:
Dungeon (9/15)             Temple (0/1) D:6         Ossuary (visited)
 Bailey (1/1)
   Lair: D:8-11         Orc: D:9-12

Altars:
Fedhas
Makhleb
Okawaru
Sif Muna
Xom
Zin

Annotations:
D:6 exclusion: 2 downstairs
D:7 exclusion: downstairs
D:8 1 runed translucent door, Peloso's ghost, novice MiFi


Innate Abilities, Weirdness & Mutations

You cannot wear most types of armour.
You are amphibious.
You can wear up to eight rings at the same time.
Your skin changes colour to match your surroundings (Stealth+).
Your rubbery body absorbs attacks. (AC +1, EV +1)
You are camouflaged when in or above water. (Stealth+)
You have tentacles for arms and can constrict up to eight enemies at once.


Message History

The electric eel shoots out a bolt of lightning at you!
The bolt of electricity hits you!
The electric eel shoots out a bolt of lightning at you!
The bolt of electricity hits you!
* * * LOW HITPOINT WARNING * * *
The electric eel shoots out a bolt of lightning at you!
The bolt of electricity hits the electric eel.
The electric eel completely resists.
The bolt of electricity misses you.
You feel much better.
The electric eel shoots out a bolt of lightning at you!
The bolt of electricity misses you.
The electric eel shoots out a bolt of lightning at you!
The bolt of electricity hits you!
* * * LOW HITPOINT WARNING * * *
The electric eel shoots out a bolt of lightning at you!
The bolt of electricity hits the electric eel.
The electric eel completely resists.
The bolt of electricity hits you!
* * * LOW HITPOINT WARNING * * *
Unknown command.
As you read the scroll of fear, it crumbles to dust.
You assume a fearsome visage.
The electric eel looks frightened! x5
The electric eel is attracted toward you. x5
Unknown command.
The electric eel is attracted toward you. x5
The electric eel is attracted toward you. x5
The electric eel is attracted toward you. x5
The electric eel is attracted toward you. x5
The electric eel is attracted toward you. x5
The electric eel is attracted toward you. x2
The electric eel is attracted toward you.
The electric eel seems to regain its courage.
You feel better.
The electric eel shoots out a bolt of lightning at you!
The bolt of electricity hits you!
* * * LOW HITPOINT WARNING * * *
Unknown command.
You feel better.
The electric eel shoots out a bolt of lightning at you!
The bolt of electricity hits you!
You die...

#≈≈≈≈≈≈≈≈≈≈≈≈≈≈≈≈≈
#≈≈≈≈≈≈≈≈≈≈≈≈≈≈≈≈≈
#≈≈≈≈≈≈≈§§≈§≈≈≈≈≈≈
#≈†≈≈≈≈§S≈§≈≈≈≈≈≈≈
#≈≈≈≈≈≈SS§§§§≈≈≈≈≈
#≈≈≈≈≈######≈≈≈≈≈≈
#≈≈≈≈≈# ......
#≈≈≈≈S# #####
#≈≈≈≈@# #≈≈≈≈≈#
#≈≈≈≈≈###
#≈≈≈≈≈≈.#
######.≈≈≈≈≈.#
#......≈≈≈≈≈.#
###......≈≈≈≈≈.#
#..............+
#∩..∩..........+


You could see an electric eel.

Vanquished Creatures
  Harold (D:7)
  Maggie (D:7)
  A gargoyle (D:8)
  Sigmund (D:4)
  A shadow (D:9)
  A wyvern (D:5)
  3 water moccasins
  2 orc warriors
  A black bear (D:6)
  A necrophage (D:6)
  An ice beast (D:7)
  2 kobold brigands
  2 phantoms (D:6)
  2 wyvern zombies (D:7)
  2 bullfrogs
  A water moccasin skeleton (D:5)
  An electric eel (Bailey)
  7 wights
  2 howler monkeys (D:8)
  A centaur zombie (D:5)
  2 orc priests (D:5)
  A bullfrog skeleton (D:4)
  A bullfrog zombie (D:6)
  2 iguanas
  3 orc wizards
  A hound skeleton (D:5)
  8 mummies (Ossuary)
  A howler monkey zombie (D:6)
  A gnoll (D:9)
  12 adders
  An adder skeleton (D:4)
  5 worms
  5 dart slugs
  11 orcs
  6 ball pythons
  12 endoplasms
  5 giant cockroaches
  2 gnoll zombies (Ossuary)
  7 hobgoblins
  5 jackals
  6 quokkas
  5 bats
  10 frilled lizards
  9 goblins
  A hobgoblin zombie (Ossuary)
  9 kobolds
  3 kobold zombies (Ossuary)
  2 orc zombies (Ossuary)
  3 rats
173 creatures vanquished.

Vanquished Creatures (others)
  An octopode (D:1)
  2 gargoyles (D:1)
  A formicid (D:1)
  A spriggan (D:1)
  A demigod (D:1)
  A dwarf (D:1)
  2 ogres (D:1)
  A mummy (D:1)
  A gnoll (D:1)
  An orc (D:1)
  12 plants (D:4)
  4 tentacles (D:1)
28 creatures vanquished.

Grand Total: 201 creatures vanquished

Notes
Turn   | Place    | Note
-------+----------+-------------------------------------------
     0 | D:1      | Atelerd the Octopode Earth Elementalist began the quest for
                  | the Orb.
     0 | D:1      | Reached XP level 1. HP: 11/11 MP: 3/3
     0 | D:1      | Noticed an ogre
     0 | D:1      | Noticed a demigod
     0 | D:1      | Noticed a gargoyle
     0 | D:1      | Noticed a gargoyle
     0 | D:1      | Noticed a dwarf
     0 | D:1      | Noticed a kraken
     0 | D:1      | Noticed a spriggan
     0 | D:1      | Noticed an ogre
     0 | D:1      | Noticed an octopode
     0 | D:1      | Noticed a formicid
     4 | D:1      | Killed a formicid
     9 | D:1      | Killed an octopode
     9 | D:1      | Killed a dwarf
    10 | D:1      | Killed an ogre
    11 | D:1      | Killed an ogre
    11 | D:1      | Killed a demigod
    12 | D:1      | Killed a gargoyle
    14 | D:1      | Killed a spriggan
    15 | D:1      | Killed a gargoyle
    64 | D:1      | Found a faded altar of an unknown god.
   554 | D:1      | Reached XP level 2. HP: 17/17 MP: 1/5
  1230 | D:1      | Reached XP level 3. HP: 19/21 MP: 6/6
  1246 | D:2      | Reached skill level 4 in Earth Magic
  1732 | D:2      | Found a shimmering altar of Xom.
  1739 | D:2      | Reached skill level 1 in Unarmed Combat
  1952 | D:2      | Reached XP level 4. HP: 27/27 MP: 5/7
  2603 | D:3      | Learned a level 4 spell: Petrify
  2762 | D:3      | Reached skill level 1 in Short Blades
  2762 | D:3      | Reached XP level 5. HP: 32/32 MP: 9/9
  2890 | D:4      | Found a sand-covered staircase.
  2926 | Ossuary  | Entered an ossuary
  3202 | Ossuary  | Reached XP level 6. HP: 37/37 MP: 11/11
  3601 | D:4      | Found an iron altar of Okawaru.
  3606 | D:4      | Found a shimmering blue altar of Sif Muna.
  3960 | D:4      | Became a worshipper of Sif Muna the Loreminder
  4043 | D:4      | Noticed Sigmund
  4053 | D:4      | Killed Sigmund
  4054 | D:4      | Reached skill level 5 in Earth Magic
  4054 | D:4      | Reached XP level 7. HP: 42/42 MP: 13/13
  4418 | D:5      | Entered Level 5 of the Dungeon
  4440 | D:5      | Noticed a wyvern
  4455 | D:5      | Killed a wyvern
  4755 | D:5      | Reached skill level 5 in Stealth
  4762 | D:5      | Reached XP level 8. HP: 37/47 MP: 15/15
  4858 | D:5      | Reached skill level 5 in Spellcasting
  4858 | D:5      | Reached skill level 5 in Transmutations
  5275 | D:5      | Found a burning altar of Makhleb.
  5480 | D:6      | Found a staircase to the Ecumenical Temple.
  5492 | D:6      | Reached skill level 1 in Fighting
  5620 | D:6      | Reached skill level 1 in Invocations
  5728 | D:6      | Reached * piety under Sif Muna
  6094 | D:6      | Reached XP level 9. HP: 28/54 MP: 17/17
  6307 | D:7      | Noticed Harold
  6326 | D:7      | Killed Harold
  6327 | D:7      | Reached skill level 6 in Earth Magic
  6555 | D:7      | Reached skill level 5 in Dodging
  6912 | D:7      | Found a blossoming altar of Fedhas.
  6963 | D:7      | Noticed Maggie
  6993 | D:8      | Noticed a gargoyle
  6999 | D:8      | Killed a gargoyle
  7000 | D:8      | Reached skill level 7 in Earth Magic
  7179 | D:8      | Noticed Peloso's ghost (novice MiFi)
  7182 | D:8      | Found a runed translucent door.
  7402 | D:8      | Noticed a two-headed ogre
  7534 | D:7      | Learned a level 4 spell: Summon Ice Beast
  7588 | D:7      | Killed Maggie
  7589 | D:7      | Reached skill level 1 in Summonings
  7589 | D:7      | Reached XP level 10. HP: 60/60 MP: 21/21
  8178 | D:9      | Found a glowing silver altar of Zin.
  8212 | D:9      | Reached ** piety under Sif Muna
  8375 | D:9      | Found a flagged portal.
  8393 | Bailey   | Entered a bailey
  8428 | Bailey   | Reached skill level 8 in Earth Magic
  8508 | Bailey   | HP: 2/60 [electric eel/bolt of electricity (12)]
  8509 | Bailey   | Killed from afar by an electric eel

Illustrated notes

Levels and vault maps discovered:
D:1:      nicolae_arrival_kraken_aquarium_a, layout_basic,
          hellmonk_ecumenical_altar_crossroads, minmay_lizard_pond
D:2:      layout_rooms, basic_altar
D:3:      layout_rooms
D:4:      layout_basic, mainiacjoe_overflow_big_doors,
          lightli_ossuary_entry_decrepit_ruins, serial_bayou_pond_c,
          uniq_sigmund
D:5:      layout_loops_ring, general_overflow_altar
D:6:      layout_basic, minmay_temple_entry_drinking_statues
D:7:      minmay_bubble_buster, layout_gridville, fedhas_altar_3,
          minmay_hedge_maze, uniq_harold, uniq_maggie
D:8:      layout_rooms, hellmonk_ghost_happy_afterlife
D:9:      layout_loops_cross, mainiacjoe_overflow_catwalk, lair_entry_dummy,
          lightli_bailey_entry_fortress, serial_shops, nicolae_diamond_shop,
          kennysheep_potato, uniq_maurice, uniq_gastronok
Bailey:   bailey_axe_of_yendor_kennysheep, bailey

Skill      XL: |  1  2  3  4  5  6  7  8  9 10 |
---------------+-------------------------------+-----
Earth Magic    | 4 5 7 8 |  8.0
Unarmed Combat | 1 |  1.0
Spellcasting   | 3 4 5 7 |  7.6
Short Blades   | 1 |  1.6
Stealth        | 3 5 6 |  6.0
Transmutations | 2 4 5 |  5.0
Fighting       | 2 |  2.0
Invocations    | 2 3 4 |  4.0
Dodging        | 3 5 |  5.0
Summonings     | 1 2 |  2.0

Action                   |  1- 3 |  4- 6 |  7- 9 | 10-12 || total
-------------------------+-------+-------+-------+-------++-------
Melee: Unarmed           |    19 |       |       |       ||    19
       Constrict         |    13 |    24 |    25 |    13 ||    75
       Tentacles         |    10 |    21 |    25 |     7 ||    63
       Short sword       |    23 |    14 |       |       ||    37
       Punch             |     1 |     1 |     2 |       ||     4
       Dagger            |       |    52 |    90 |    28 ||   170
 Cast: Sandblast         |    33 |    56 |    67 |    24 ||   180
       Petrify           |       |     2 |    17 |     2 ||    21
Evoke: Wand              |       |       |     6 |     1 ||     7
  Use: Scroll            |       |     5 |       |     2 ||     7
       Potion            |       |       |       |     8 ||     8
 Stab: Sleeping          |     4 |    11 |     8 |     1 ||    24
       Distracted        |     1 |       |     1 |       ||     2
       Petrified         |       |     4 |    32 |     4 ||    40
       Petrifying        |       |       |     1 |       ||     1
Armor: Skin              |     1 |     1 |     3 |       ||     5
Dodge: Dodged            |    35 |    49 |    94 |    30 ||   208
